 Dungeon Crawl Stone Soup version 0.30.0 (webtiles) character file.

Game seed: 11317193315256898138

98235 samcosmo the Warrior (level 15, -7/149 HPs)
             Began as a Red Draconian Fire Elementalist on July 20, 2023.
             Was a High Priest of Vehumet.
             Killed from afar by Aizul (43 damage)
             ... with a poison arrow
             ... on level 2 of the Lair of Beasts on July 24, 2023.
             The game lasted 02:28:51 (35662 turns).

samcosmo the Warrior (DrFE)                        Turns: 35662, Time: 02:28:52

Health: -7/149     AC: 16    Str: 10    XL:     15   Next: 74%
Magic:  23/32      EV: 12    Int: 29    God:    Vehumet [*****.]
Gold:   496        SH:  5    Dex: 13    Spells: 9/41 levels left

rFire   + + +        J - +8 battleaxe of Degyk {flame, rN+++ rCorr Int+2 Dex-3}
rCold   x . .        (shield currently unavailable)
rNeg    + + +        (body armour unavailable)
rPois   .            (helmet restricted)
rElec   .            f - +1 cloak of Masochism {rF++ rN+}
rCorr   +            b - +2 pair of gloves
SInv    .            e - +1 pair of boots "Ylisijil" {rCorr Dex+2}
Will    +....        I - amulet of reflection
Stlth   ++           o - ring of fire
HPRegen 0.44/turn    B - +6 ring of intelligence
MPRegen 0.23/turn

%: reflection
@: lethally poisoned (-7 -> -29), about to teleport
A: breathe fire, AC +9, unfitting armour, fire resistance 1, cold-blooded
a: Breathe Fire, Renounce Religion


You were on level 2 of the Lair of Beasts.
You worshipped Vehumet.
Vehumet was extremely pleased with you.
You visited 5 branches of the dungeon, and saw 24 of its levels.

You collected 2134 gold pieces.
You spent 1638 gold pieces at shops.

Inventory:

Hand Weapons
 r - a +3 short sword of freezing
 J - the +8 battleaxe of Degyk (weapon) {flame, rN+++ rCorr Int+2 Dex-3}
   (You found it on level 5 of the Lair of Beasts)

   Int:       It affects your intelligence (+2).
   Dex:       It affects your dexterity (-3).
   rN:        It renders you almost immune to negative energy.
   rCorr:     It protects you from acid and corrosion.
Missiles
 j - 3 throwing nets
Armour
 b - a +2 pair of gloves (worn)
 e - the +1 pair of boots "Ylisijil" (worn) {rCorr Dex+2}
   (You acquired it on level 12 of the Dungeon)

   Dex:       It affects your dexterity (+2).
   rCorr:     It protects you from acid and corrosion.
 f - the +1 cloak of Masochism (worn) {rF++ rN+}
   (You acquired it on level 5 of the Dungeon)

   rF:        It greatly protects you from fire.
   rN:        It protects you from negative energy.
 w - a +0 pair of boots
Jewellery
 o - a ring of fire (left hand)
 y - a +5 ring of evasion
 B - a +6 ring of intelligence (right hand)
 I - an amulet of reflection (around neck)
 M - a ring of see invisible
Wands
 a - a wand of polymorph (4)
 g - a wand of acid (4)
 m - a wand of charming (33)
 q - a wand of roots (24)
 E - a wand of mindburst (8)
Scrolls
 c - 6 scrolls of teleportation
 s - 2 scrolls of butterflies
 t - 3 scrolls of fog
 D - 6 scrolls of identify
 F - 3 scrolls of enchant armour
 G - a scroll of magic mapping
 H - 3 scrolls of vulnerability
 K - a scroll of brand weapon
 L - 2 scrolls of amnesia
Potions
 d - a potion of mutation
 h - 6 potions of curing
 i - 2 potions of berserk rage
 k - 4 potions of degeneration
 l - 4 potions of ambrosia
 n - 4 potions of cancellation
 p - 4 potions of attraction
 u - 3 potions of lignification
 v - 9 potions of brilliance
 x - 4 potions of might
 z - 6 potions of flight
 A - a potion of resistance
 C - 2 potions of haste
 N - a potion of magic


   Skills:
 + Level 18.0 Fighting
 - Level 1.7 Dodging
 - Level 1.7 Stealth
 * Level 13.7 Spellcasting
 - Level 9.3 Conjurations
 - Level 6.0 Necromancy
 - Level 17.8 Fire Magic


You had 9 spell levels left.
You knew the following spells:

 Your Spells              Type           Power      Damage    Failure   Level
b - Scorch                Fire           100%       2d9       0%          2
c - Volatile Blastmotes   Fire/Tloc      100%       2d18      1%          3
d - Mephitic Cloud        Conj/Pois/Air  37%        N/A       1%          3
e - Flame Wave            Conj/Fire      99%        2d21      1%          4
f - Stone Arrow           Conj/Erth      92%        3d12      1%          3
g - Sublimation of Blood  Necr           53%        N/A       1%          2
h - Ignition              Fire           55%        3d15      3%          8
i - Plasma Beam           Fire/Air       41%        2x1d60    2%          6
j - Foxfire               Conj/Fire      100%       2x1d9     0%          1

Your spell library contained the following spells:

 Spells                   Type           Power      Damage    Failure   Level
 Fireball                 Conj/Fire      49%        3d19      1%          5
 Magic Dart               Conj           100%       1d8       1%          1
 Necrotise                Necr           100%       1d9       1%          1
 Sandblast                Erth           38%        2d10      1%          1
 Cigotuvi's Dreadful Rot  Necr/Pois/Air  62%        N/A       1%          2
 Poisonous Vapours        Pois/Air       38%        N/A       1%          2
 Inner Flame              Hex/Fire       82%        N/A       1%          3
 Apportation              Tloc           38%        N/A       2%          1
 Sting                    Tmut/Pois      76%        1d6       2%          1
 Summon Small Mammal      Summ           76%        N/A       2%          1
 Dispel Undead            Necr           53%        3d19      2%          4
 Call Imp                 Summ           38%        N/A       3%          2
 Ensorcelled Hibernation  Hex/Ice        38%        N/A       3%          2
 Lesser Beckoning         Tloc           38%        N/A       3%          2
 Passwall                 Tmut/Erth      15%        N/A       3%          2
 Wereblood                Tmut           19%        N/A       3%          2
 Irradiate                Conj/Tmut      23%        3d19      3%          5
 Olgreb's Toxic Radiance  Pois           19%        N/A       7%          4
 Gell's Gravitas          Tloc           19%        N/A       8%          3
 Ozocubu's Armour         Ice            19%        N/A       8%          3
 Spider Form              Tmut/Pois      19%        N/A       8%          3
 Teleport Other           Tloc           19%        N/A       8%          3
 Anguish                  Hex/Necr       18%        N/A       8%          4
 Death Channel            Necr           26%        N/A       32%         6
 Blade Hands              Tmut           9%         N/A       56%         5
 Metabolic Englaciation   Hex/Ice        9%         N/A       56%         5
 Simulacrum               Ice/Necr       18%        N/A       75%         6
 Fire Storm               Conj/Fire      49%        8d13      90%         9
 Dispersal                Tloc           9%         N/A       98%         6
 Dragon Form              Tmut           9%         N/A       100%        7
 Summon Hydra             Summ           9%         N/A       100%        7
 Discord                  Hex            9%         N/A       100%        8
 Chain Lightning          Conj/Air       23%        3d30      100%        9
 Shatter                  Erth           9%         3d11*     100%        9


Dungeon Overview and Level Annotations

Branches:
Dungeon (15/15)            Temple (0/1) D:5            Lair (5/5) D:8
 Shoals (1/4) Lair:2       Spider (0/4) Lair:2        Slime (0/5) Lair:4
    Orc (2/2) D:12            Elf (1/3) Orc:2        Vaults (0/5) D:14
 Depths: D:15

Altars:
Cheibriados
Dithmenos
Fedhas
Gozag
Hepliaklqana
Makhleb
Nemelex Xobeh
Okawaru
Ru
Trog
Uskayaw
Vehumet
Wu Jian
Xom
Yredelemnul
Zin
The Shining One
Jiyva

Shops:
D:5 (   Orc:1 ::   Orc:2 ![=*

Portals:
Trove: D:11 (give 18 potions of curing)

Annotations:
D:5 Grinder
D:15 Louise
Lair:2 Aizul


Innate Abilities, Weirdness & Mutations

You can breathe blasts of fire.
Your fiery red scales are hard. (AC +9)
You cannot fit into any form of body armour.
Your flesh is heat resistant. (rF+)
You are cold-blooded and may be slowed by cold attacks.


Message History

You feel very sick.
Aizul says, "I wasn't actually sleeping!"
The cloud of blastmotes explodes!
The concussive blast engulfs Aizul!
Aizul is lightly wounded.
The concussive blast engulfs the plant!!
The plant begins to die.
The plant is lightly damaged.
The concussive blast engulfs you. You resist.
The concussive blast engulfs the plant!!
The plant begins to die.
The plant is lightly damaged.
You are knocked back by the blast.
You feel very sick. Aizul casts a spell at you. The bolt of poison hits you!
You are more poisoned.
* * * LOW HITPOINT WARNING * * *
The bolt of poison hits the plant!
The plant is poisoned.
The plant begins to die.
You feel better. Aizul attacks as you move away!
Aizul hits you but does no damage.
Aizul coils herself and waves her upper body at you.
The bolt of poison misses you. Aizul attacks as you move away!
You block Aizul's attack. Aizul casts a spell at you.
You barely resist.
A nearby plant withers and dies.
Aizul misses you.
There is a staircase back to the Lair here.
You block Aizul's attack.
You climb upwards.
Welcome back to the Lair of Beasts!
There is a staircase to the Shoals here.
As you read the scroll of teleportation, it crumbles to dust.
You feel strangely unstable. You block Aizul's attack.
Aizul hits you but does no damage.
Okay, then.
Aizul casts a spell at you. The poison arrow hits you!!!
You are poisoned.
You die...

.###.........#.........P#......P.
.####..##...............##.......
...##.......#.......P...#.......#
..###♣.>#........P...P...#......#
..# #..............PP.P..P......#
.####...#.....P......P.........##
.###...#........P.S......#......#
.##...#.......P......P...........
.....#.......P..@.P..............
............)....................
...##...........P.P.P.P..........
.###................P...#........
.#..###.#.#......P......##.....#.
'#..##..#)#.......#............P.
.#..##......#....#......P#.......
..).P#.....#......#............#.
.#.........#.....#......##.....#.


You could see Aizul.

Vanquished Creatures
  Agnes (Elf:1)
  An ice dragon (Orc:2)
  A catoblepas (Lair:3)
  4 hydras
  A death knight (D:15)
  5 ogre magi
  A rakshasa (D:15)
  2 centaur warriors
  7 death yaks
  5 boulder beetles
  19 two-headed ogres
  3 deep elf knights (Elf:1)
  5 skysharks
  A goliath frog (Lair:5)
  4 skeletal warriors
  A deep elf archer (Elf:1)
  3 orc knights
  10 deep elf pyromancers
  7 deep elf zephyrmancers (Elf:1)
  A phantasmal warrior (D:15)
  2 oklob plants (Lair:4)
  5 ugly things
  3 orc sorcerers
  A cyclops (D:14)
  A manticore (Shoals:1)
  3 black mambas
  A torpor snail (Lair:4)
  16 elephants
  Maggie (D:9)
  A gargoyle (D:13)
  21 cane toads
  2 efreet
  4 rime drakes
  2 komodo dragons (Lair:4)
  A rime drake (shapeshifter) (D:14)
  3 unseen horrors
  2 freezing wraiths
  A tengu conjurer (D:15)
  9 trolls
  5 polar bears
  14 blink frogs
  A snapping turtle (Shoals:1)
  3 jumping spiders
  A jumping spider (shapeshifter) (D:13)
  7 dream sheep (Lair:4)
  8 slime creatures (D:13)
  2 shadows
  4 culicivoras (Lair:2)
  6 wyverns
  An air elemental (Elf:1)
  A yak (shapeshifter) (Elf:1)
  60 yaks
  A basilisk (Lair:4)
  A fire elemental (Elf:1)
  9 vampire mosquitoes
  2 steam dragons
  4 acid dragons
  17 water moccasins
  A water moccasin (shapeshifter) (D:15)
  A meliai simulacrum (D:14)
  An ice beast (D:6)
  3 black bears
  15 orc warriors
  23 ogres
  17 wolves
  A phantom (D:6)
  8 centaurs
  A kobold brigand (D:8)
  17 bullfrogs
  2 gnoll sergeants
  2 scorpions
  2 water moccasin zombies (D:6)
  4 wights (D:8)
  8 killer bees
  3 howler monkeys
  8 electric eels
  A lava snake (D:10)
  3 bullfrog zombies (D:6)
  A centaur zombie (D:6)
  A gnoll bouda (D:5)
  2 jellies
  14 orc priests
  6 hounds
  A sleepcap (D:6)
  3 iguanas
  14 orc wizards
  A howler monkey zombie (D:6)
  12 gnolls
  5 adders
  2 white imps
  2 dart slugs (D:4)
  54 orcs
  3 endoplasms
  3 giant cockroaches
  A goblin (D:2)
  4 hobgoblins
  2 jackals (D:1)
  3 ball pythons
  3 bats
  2 frilled lizards
  10 kobolds
  5 rats
  A bush (Lair:5)
584 creatures vanquished.

Vanquished Creatures (collateral kills)
  A foxfire (Lair:1)
1 creature vanquished.

Vanquished Creatures (others)
  2 orc wizards (D:7)
  An orc (D:7)
  43 foxfires
  38 fungi
  113 plants
197 creatures vanquished.

Grand Total: 782 creatures vanquished

Notes
Turn   | Place    | Note
-------+----------+-------------------------------------------
     0 | D:1      | samcosmo the Draconian Fire Elementalist began the quest
                  | for the Orb.
     0 | D:1      | Reached XP level 1. HP: 14/14 MP: 3/3
   510 | D:1      | Reached XP level 2. HP: 22/22 MP: 3/5
   515 | D:1      | Learned a level 2 spell: Scorch
  1563 | D:3      | Found a radiant altar of Vehumet.
  1569 | D:3      | Became a worshipper of Vehumet
  1583 | D:3      | Reached skill level 1 in Fighting
  1665 | D:3      | Found a faded altar of an unknown god.
  1843 | D:3      | Reached XP level 3. HP: 22/28 MP: 1/7
  2440 | D:3      | Found a blossoming altar of Fedhas.
  2872 | D:4      | Reached XP level 4. HP: 30/36 MP: 1/8
  3071 | D:4      | Reached skill level 2 in Fighting
  3335 | D:4      | Found a shadowy altar of Dithmenos.
  3399 | D:4      | Noticed a scorpion
  3403 | D:4      | Killed a scorpion
  3404 | D:4      | Reached XP level 5. HP: 38/42 MP: 3/10
  4134 | D:5      | Entered Level 5 of the Dungeon
  4135 | D:5      | Identified a scroll of acquirement
  4135 | D:5      | Acquired the +1 cloak of Masochism {rF++ rN+}
  4155 | D:5      | Learned a level 3 spell: Volatile Blastmotes
  4160 | D:5      | Noticed a black bear
  4161 | D:5      | Noticed Grinder
  4223 | D:5      | Killed a black bear
  4224 | D:5      | Reached skill level 3 in Fighting
  4224 | D:5      | Reached XP level 6. HP: 43/51 MP: 2/12
  4323 | D:5      | Paralysed by Grinder for 3 turns
  4823 | D:5      | Found an iron altar of Okawaru.
  4845 | D:5      | Found a staircase to the Ecumenical Temple.
  4879 | D:5      | Found Faloer's Weapon Emporium.
  4985 | D:5      | Found a sparkling altar of Nemelex Xobeh.
  5091 | D:5      | Reached skill level 5 in Spellcasting
  5468 | D:6      | Found a shimmering altar of Xom.
  5499 | D:6      | Your scales start taking on a fiery red colour.
  5499 | D:6      | Reached skill level 5 in Fire Magic
  5499 | D:6      | Reached XP level 7. HP: 58/58 MP: 9/14
  5499 | D:6      | Gained mutation: Your flesh is heat resistant. (rF+) [Red
                  | Draconian growth]
  5505 | D:6      | Reached skill level 4 in Fighting
  5507 | D:6      | Reached * piety under Vehumet
  5507 | D:6      | Offered knowledge of Freeze by Vehumet.
  5730 | D:6      | Reached XP level 8. HP: 36/67 MP: 0/17
  5831 | D:6      | Reached skill level 5 in Fighting
  5968 | D:6      | Found a basalt altar of Yredelemnul.
  6106 | D:6      | Found an ornate altar of the Wu Jian Council.
  6984 | D:7      | Reached skill level 6 in Fighting
  7166 | D:7      | Reached XP level 9. HP: 74/75 MP: 11/20
  7291 | D:7      | Offered knowledge of Static Discharge by Vehumet.
  7291 | D:7      | Reached ** piety under Vehumet
  7476 | D:7      | Found a hazy altar of Hepliaklqana.
  7527 | D:7      | Found a burning altar of Makhleb.
  7601 | D:7      | Found a glowing golden altar of the Shining One.
  8279 | D:8      | You fall into a shaft and drop 2 floors!
  8279 | D:10     | Entered Level 10 of the Dungeon
  8279 | D:10     | Found a bloodstained altar of Trog.
  8279 | D:10     | Found a hide-covered altar of Uskayaw.
  8288 | D:10     | Noticed an efreet
  8356 | D:9      | Noticed Maggie
  8414 | D:8      | Found a glowing silver altar of Zin.
  8610 | D:8      | Reached skill level 7 in Fighting
  8697 | D:8      | Found a staircase to the Lair.
  8811 | D:8      | Identified the +1 morningstar "Epabrew" {heavy, rPois Int-3
                  | Dex-4 Stlth+}
  8988 | D:8      | Found an opulent altar of Gozag.
  9083 | D:8      | Learned a level 3 spell: Mephitic Cloud
  9088 | D:8      | Learned a level 4 spell: Flame Wave
  9310 | D:9      | Killed Maggie
  9310 | D:9      | Noticed a troll
  9311 | D:9      | Reached skill level 8 in Fighting
  9323 | D:9      | Killed a troll
  9572 | D:9      | Reached XP level 10. HP: 88/88 MP: 16/23
 10711 | Lair:1   | Entered Level 1 of the Lair of Beasts
 10872 | Lair:1   | Reached skill level 9 in Fighting
 10878 | Lair:1   | Reached skill level 5 in Conjurations
 11128 | Lair:1   | Reached skill level 10 in Fighting
 11303 | Lair:1   | Noticed a cane toad
 11311 | Lair:1   | Killed a cane toad
 11635 | Lair:1   | Offered knowledge of Frozen Ramparts by Vehumet.
 11641 | Lair:1   | Reached skill level 11 in Fighting
 12423 | Lair:2   | Noticed a cane toad
 12846 | D:10     | Reached skill level 12 in Fighting
 12854 | D:10     | Reached XP level 11. HP: 67/104 MP: 14/24
 12854 | D:10     | Noticed a two-headed ogre
 12965 | D:9      | Killed a two-headed ogre
 13153 | D:9      | Learned a level 3 spell: Stone Arrow
 13156 | D:9      | Learned a level 2 spell: Sublimation of Blood
 13167 | D:10     | Reached skill level 1 in Necromancy
 13226 | D:10     | Reached *** piety under Vehumet
 13744 | D:11     | Found a portal to a secret trove of treasure.
 13745 | D:11     | Found a gate leading to a gauntlet.
 13781 | D:11     | Noticed a brown ugly thing
 13790 | D:11     | Killed a brown ugly thing
 14015 | D:11     | Found a shadowy altar of Dithmenos.
 14020 | D:11     | Noticed a two-headed ogre
 14031 | D:11     | Killed a two-headed ogre
 14145 | D:11     | Offered knowledge of Airstrike by Vehumet.
 14345 | D:11     | Reached skill level 5 in Necromancy
 14544 | D:11     | Identified the +0 robe of Defence {-Cast rPois rC+}
 14837 | D:11     | Reached **** piety under Vehumet
 14983 | D:12     | Reached skill level 13 in Fighting
 15260 | D:12     | Offered knowledge of Freezing Cloud by Vehumet.
 15261 | D:12     | Reached skill level 10 in Fire Magic
 15489 | D:12     | Found a staircase to the Orcish Mines.
 15733 | D:12     | Noticed an orc sorcerer
 15735 | D:12     | Noticed an orc knight
 15739 | D:12     | Killed an orc sorcerer
 15962 | D:12     | Noticed an orc sorcerer
 16171 | D:12     | Acquired the +1 pair of boots "Ylisijil" {rCorr Dex+2}
 16364 | D:12     | Killed an orc knight
 16365 | D:12     | Reached XP level 12. HP: 102/116 MP: 13/25
 16642 | Orc:1    | Entered Level 1 of the Orcish Mines
 16643 | Orc:1    | Found Coad's Book Emporium.
 16714 | Orc:1    | Noticed a two-headed ogre
 16722 | Orc:1    | Killed a two-headed ogre
 16723 | Orc:1    | Reached skill level 14 in Fighting
 16884 | Orc:2    | Entered Level 2 of the Orcish Mines
 17220 | Orc:2    | Noticed a two-headed ogre
 17310 | Orc:2    | Killed a two-headed ogre
 17507 | Orc:2    | Noticed a two-headed ogre
 17651 | Orc:2    | Killed a two-headed ogre
 17739 | Orc:2    | Noticed a two-headed ogre
 17746 | Orc:2    | Killed a two-headed ogre
 17830 | Orc:2    | Noticed a two-headed ogre
 17836 | Orc:2    | Killed a two-headed ogre
 17840 | Orc:2    | Noticed a two-headed ogre
 17855 | Orc:2    | Noticed an ogre mage
 17859 | Orc:2    | Killed a two-headed ogre
 17862 | Orc:2    | Paralysed by an ogre mage for 2 turns
 17863 | Orc:2    | Noticed an ogre mage
 17984 | Orc:2    | Killed an ogre mage
 17986 | Orc:2    | Killed an ogre mage
 18080 | Orc:2    | Noticed an ogre mage
 18085 | Orc:2    | Killed an ogre mage
 18087 | Orc:2    | Noticed a two-headed ogre
 18089 | Orc:2    | Noticed a two-headed ogre
 18138 | Orc:2    | Killed a two-headed ogre
 18138 | Orc:2    | Killed a two-headed ogre
 18139 | Orc:2    | Reached skill level 10 in Spellcasting
 18358 | Orc:2    | Noticed a two-headed ogre
 18482 | Orc:2    | Killed a two-headed ogre
 18482 | Orc:2    | Noticed a two-headed ogre
 18562 | Orc:2    | Killed a two-headed ogre
 18785 | Orc:1    | Bought a book of Annihilations for 780 gold pieces
 18831 | Orc:2    | Noticed an ogre mage
 18901 | Orc:2    | Paralysed by an ogre mage for 2 turns
 19130 | Orc:2    | Killed an ogre mage
 19131 | Orc:2    | Reached XP level 13. HP: 115/125 MP: 16/27
 19454 | Orc:2    | Reached skill level 15 in Fighting
 19777 | Orc:2    | Found Kiunew's Antique Armour Shoppe.
 19777 | Orc:2    | Found Defaem's General Store.
 19778 | Orc:2    | Found Qeurhial's Distillery.
 19778 | Orc:2    | Found Womm's Jewellery Shoppe.
 20218 | Orc:2    | Found a staircase to the Elven Halls.
 20398 | Orc:1    | Found Alyrch's Book Boutique.
 20404 | Orc:1    | Reached ***** piety under Vehumet
 20591 | Orc:1    | Bought the Unrestrained Analects for 506 gold pieces
 20600 | Orc:1    | Learned a level 8 spell: Ignition
 20767 | Orc:2    | Offered knowledge of Irradiate by Vehumet.
 21564 | Lair:2   | Found a hole to the Spider Nest.
 22237 | Lair:2   | Found a staircase to the Shoals.
 22416 | Lair:2   | Reached skill level 15 in Fire Magic
 22508 | Lair:2   | You fall into a shaft and drop 1 floor!
 23424 | Lair:2   | Found a snail-covered altar of Cheibriados.
 24652 | Lair:3   | Offered knowledge of Yara's Violent Unravelling by Vehumet.
 24877 | Lair:3   | Reached XP level 14. HP: 93/136 MP: 18/28
 25122 | Lair:3   | Reached skill level 16 in Fighting
 25418 | Lair:4   | Found a viscous altar of Jiyva.
 25419 | Lair:4   | Found a staircase to the Slime Pits.
 25572 | Orc:1    | Bought the Compilation of Roasted Topomancy for 352 gold
                  | pieces
 25579 | Orc:1    | Learned a level 6 spell: Plasma Beam
 27826 | Lair:5   | Entered Level 5 of the Lair of Beasts
 29509 | Lair:5   | Offered knowledge of Fireball by Vehumet.
 29559 | Lair:5   | Identified the +8 battleaxe of Degyk {flame, rN+++ rCorr
                  | Int+2 Dex-3}
 29562 | Lair:5   | Identified the +5 battleaxe of Spores {venom, Fly Stlth+}
 30804 | Elf:1    | Entered Level 1 of the Elven Halls
 30818 | Elf:1    | Reached skill level 17 in Fighting
 30818 | Elf:1    | Reached XP level 15. HP: 144/147 MP: 24/30
 31626 | Elf:1    | Paralysed by an air elemental for 1 turns
 32146 | Elf:1    | Noticed Agnes
 32160 | Elf:1    | Killed Agnes
 33855 | D:14     | Found a sacrificial altar of Ru.
 34522 | D:14     | Found a gate to the Vaults.
 34769 | D:15     | Entered Level 15 of the Dungeon
 35302 | D:15     | Reached skill level 18 in Fighting
 35412 | D:15     | Noticed Louise
 35567 | Shoals:1 | Entered Level 1 of the Shoals
 35605 | Shoals:1 | Noticed Aizul
 35662 | Lair:2   | Killed from afar by Aizul

Illustrated notes

Levels and vault maps discovered:
D:1:      scummos_arrival_checkerplants, layout_loops_ring
D:2:      layout_basic
D:3:      layout_basic, lemuel_coloured_pillars_altar,
          mainiacjoe_overflow_six_doors_small,
          hellmonk_ecumenical_altar_zigzags, minmay_door_square
D:4:      layout_layer_cave, kennysheep_mini, minmay_liquid_box, minmay_bisected
D:5:      layout_loops_ring, mainiacjoe_overflow_catch_the_wave,
          minmay_temple_entry_butterflies, serial_shops, shop, uniq_grinder
D:6:      layout_basic, nzn_wu_jian_contemplation, old_standard_altar,
          nicolae_yredelemnul_corpse_copse
D:7:      layout_cave_pods, tso_oasis_becter, lemuel_round_altar,
          lemuel_crystal_altar
D:8:      layout_basic, nicolae_overflow_hidden_temple,
          mainiacjoe_overflow_alcove_4
D:9:      layout_layer_cave, minmay_misc_feat_secret_circle, uniq_maggie
D:10:     layout_big_octagon, grunt_temple_overflow_open, serial_column_ruins,
          column_ruins_hut, column_ruins_columns_dead_end,
          column_ruins_corridor_straight, column_ruins_grid_1,
          column_ruins_open_small, column_ruins_open_small
D:11:     layout_rooms, special_room [special_room_orc], gauntlet_entry_generic,
          enter_trove_2, grunt_dithmenos_shadows
D:12:     layout_loops_cross
D:13:     layout_irregular_city
D:14:     layout_roguey, david_vaults_2, hangedman_ru_absence,
          chequers_serial_rivers_small_b
D:15:     grunt_enter_depths_snipers, layout_basic, minmay_misc_feat_tiny,
          uniq_louise
Lair:1:   beast_lair_carwin_large_1, layout_cellular_growth, grunt_megastairs_4,
          serial_bayou_shore_a
Lair:2:   layout_regular_city, minmay_shoals_entry_centaurs,
          nicolae_spider_entry_tight_spaces, basic_altar,
          infiniplex_staircase_pool, grunt_megastairs_5
Lair:3:   layout_roguey, grunt_megastairs_3
Lair:4:   layout_loops_ring, minmay_slime_entry_oklob_open, beast_lair_carwin_9
Lair:5:   minmay_lair_end_frog_pond, layout_cave_pods, lemuel_old_faithful
Shoals:1: layout_shoals, ebering_ghost_davey_jones, serial_shops, shop, shop,
          nicolae_shop_waterfront, nicolae_shop_back_alley_shop,
          nicolae_shoals_c_island, uniq_aizul
Orc:1:    layout_caves, serial_shops, nicolae_diamond_shop, shop, basic_altar
Orc:2:    st_orc_ogre_mass, layout_caves,
          portal_ice_cave_entry_animals_and_master
Elf:1:    eino_elf_arrival_customs, layout_rooms, minmay_elf_annihilation,
          uniq_kirke, uniq_agnes

Skill      XL: |  1  2  3  4  5  6  7  8  9 10 11 12 13 14 15 |
---------------+----------------------------------------------+-----
Fighting       | 1 2 3 4 6 8 12 13 14 15 17 18 | 18.0
Spellcasting   | 3 4 5 6 7 9 10 11 13 | 13.7
Fire Magic     | 4 5 6 7 8 9 11 14 16 17 | 17.8
Conjurations   | 3 5 8 9 |  9.3
Necromancy     | 6 |  6.0
Dodging        | |  1.7
Stealth        | |  1.7

Action                     |  1- 3 |  4- 6 |  7- 9 | 10-12 | 13-15 || total
---------------------------+-------+-------+-------+-------+-------++-------
  Melee: Unarmed           |    24 |       |       |       |       ||    24
         Tailslap          |     1 |     4 |     6 |    11 |     8 ||    30
         Short sword       |    10 |    24 |    35 |    51 |     9 ||   129
         Punch             |       |       |     1 |     2 |       ||     3
         Battleaxe         |       |       |       |       |    21 ||    21
   Cast: Foxfire           |    29 |     2 |       |     1 |     1 ||    33
         Scorch            |    22 |    45 |   140 |   410 |   418 ||  1035
         Volatile Blastmot |       |       |     5 |     6 |    18 ||    29
         Flame Wave        |       |       |     1 |    18 |    10 ||    29
         Mephitic Cloud    |       |       |       |    10 |    10 ||    20
         Stone Arrow       |       |       |       |     7 |     1 ||     8
         Sublimation of Bl |       |       |       |     4 |    13 ||    17
         Ignition          |       |       |       |       |    47 ||    47
         Plasma Beam       |       |       |       |       |   119 ||   119
Ability: Breathe Fire      |       |       |     6 |     4 |     8 ||    18
    Use: Scroll            |     9 |     2 |     3 |    13 |    10 ||    37
         Potion            |       |       |     1 |       |     8 ||     9
 Armour: Skin              |    20 |    14 |    67 |    87 |   205 ||   393
  Dodge: Dodged            |    30 |    24 |    94 |   250 |   351 ||   749
  Block: Other             |       |       |       |       |    11 ||    11
         Reflection        |       |       |       |       |     3 ||     3
